 Dungeon Crawl Stone Soup version 0.17.1-2-g5865329 (webtiles) character file.

268 Jerry the Skirmisher (level 6, -14/43 HPs)
             Began as an Octopode Wizard on Feb 11, 2016.
             Demolished by an ogre
             ... wielding a +0 giant spiked club
              (25 damage)
             ... on level 3 of the Dungeon.
             The game lasted 00:22:42 (4880 turns).

Jerry the Skirmisher (Octopode Wizard)              Turns: 4880, Time: 00:22:42

Health: -14/43     AC:  3    Str:  9    XL:     6   Next: 21%
Magic:  10/10      EV: 13    Int: 20    God:
Gold:   150        SH:  0    Dex: 12    Spells: 1 memorised, 10 levels left

rFire  . . .     SeeInvis .     r - +4 club
rCold  . . .     Clarity  .     (no shield)
rNeg   + . .     SustAt   .     k - +2 hat
rPois  .         Gourm    .     h - amulet of warding
rElec  .         Spirit   .     p - +2 ring of strength
rCorr  .         Warding  +     (no ring)
rMut   .         Stasis   .     (no ring)
MR     .....                    (no ring)
Stlth  +++.......               (no ring)
                                (no ring)
                                (no ring)
                                (no ring)

@: not resistant to hostile enchantments, fairly stealthy
A: almost no armour, amphibious, 8 rings, constrict 8, camouflage 1, gelatinous
body 1
a: no special abilities


You were on level 3 of the Dungeon.
You were not hungry.

You visited 1 branch of the dungeon, and saw 4 of its levels.

You collected 150 gold pieces.

Inventory:

Hand Weapons
 a - a +0 halberd
 d - a +0 dagger of flaming
 e - a +0 club
 m - a +0 dagger
 o - a +0 whip
 r - a +4 club (weapon)
Armour
 k - a +2 hat (worn)
Jewellery
 h - an amulet of warding (around mantle)
 p - a +2 ring of strength (left tentacle)
Potions
 f - 2 potions of poison {unknown}
 g - 2 potions of flight {unknown}
 j - a potion of curing {unknown}
Books
 b - a book of Minor Magic

   Spells                             Type                      Level
   a - Magic Dart                     Conjuration                  1
   b - Blink                          Translocation                2
   c - Call Imp                       Summoning                    2
   d - Repel Missiles                 Charms/Air                   2
   e - Slow                           Hexes                        2
   f - Conjure Flame                  Conjuration/Fire             3
   g - Mephitic Cloud                 Conjuration/Poison/Air       3
Comestibles
 c - 4 bread rations
 l - 3 meat rations


   Skills:
 + Level 3.8 Fighting
 + Level 3.4 Dodging
 - Level 3.1 Stealth
 - Level 3.0 Spellcasting
 + Level 3.1 Conjurations
   Level 1.0 Summonings
   Level 1.0 Translocations


You had 10 spell levels left.
You knew the following spells:

 Your Spells              Type           Power        Failure   Level  Hunger
a - Magic Dart            Conj           ###.         4%          1    None


Dungeon Overview and Level Annotations

Branches:
Dungeon (4/15)
 Temple: D:4-7

Altars:
Dithmenos
Yredelemnul
The Shining One


Innate Abilities, Weirdness & Mutations

You cannot wear most types of armour.
You are amphibious.
You can wear up to eight rings at the same time.
You can use your tentacles to constrict eight enemies at once.
Your skin changes colour to match your surroundings (Stealth).
Your rubbery body absorbs attacks (AC +1).


Message History

You hit the ogre.
The ogre is moderately wounded.
The ogre closely misses you.
You barely miss the ogre.
The ogre is moderately wounded.
The ogre hits you with a giant spiked club!!
Ouch! That really hurt!
* * * LOW HITPOINT WARNING * * *
You hit the ogre.
The ogre is moderately wounded.
The ogre closely misses you.
A giant gecko comes into view.
You closely miss the ogre.
The ogre is moderately wounded.
The ogre barely misses you.
You hit the ogre.
The ogre is heavily wounded.
The ogre hits you with a giant spiked club!!
Ouch! That really hurt!
You die...

)...#.##.#.#.....#
....#.#.###......# ..
....#.##.#.#....l# .#
.)....###.##..)..# .#
##.##.###............
##.........#####.##.#
#####.####.......# .#
......# #....#..##.#
#####.####..#...@O..#
## #.##.........####
.# #.##.#.......# .#
#.......##.###
<#######.#####.#
.....# #.......#
.###.# #########
.###.# .##.(#


You could see an ogre and a giant gecko.

Vanquished Creatures
  An orc priest (D:3)
  Ijyb (D:3)
  Jessica (D:2)
  A hound skeleton (D:4)
  4 gnolls
  4 adders
  An ooze (D:1)
  3 worms (D:3)
  3 orcs (D:3)
  6 giant cockroaches
  6 goblins
  11 hobgoblins
  3 ball pythons
  14 bats
  2 giant geckos (D:1)
  6 giant newts
  6 kobolds
  10 rats
83 creatures vanquished.

Notes
Turn   | Place    | Note
--------------------------------------------------------------
     0 | D:1      | Jerry the Octopode Wizard began the quest for the Orb.
     0 | D:1      | Reached XP level 1. HP: 11/11 MP: 4/4
   426 | D:1      | Reached skill level 1 in Fighting
   426 | D:1      | Reached XP level 2. HP: 11/18 MP: 1/6
   842 | D:1      | Reached XP level 3. HP: 22/24 MP: 3/7
  1569 | D:2      | Noticed Jessica
  1574 | D:2      | Killed Jessica
  1574 | D:2      | Reached XP level 4. HP: 26/30 MP: 8/8
  1790 | D:2      | Found a glowing golden altar of the Shining One.
  2082 | D:2      | Found a shadowy altar of Dithmenos.
  2682 | D:2      | Found a basalt altar of Yredelemnul.
  3203 | D:3      | Noticed a centaur
  3226 | D:4      | Reached XP level 5. HP: 6/36 MP: 9/9
  3668 | D:4      | Noticed an ogre
  3676 | D:4      | Noticed an ogre
  4063 | D:3      | Noticed Ijyb
  4076 | D:3      | Killed Ijyb
  4360 | D:3      | Found a faded altar to an unknown god.
  4613 | D:3      | Reached XP level 6. HP: 41/43 MP: 2/10
  4871 | D:3      | Noticed an ogre
  4880 | D:3      | Demolished by an ogre

Action                   |  1- 3 |  4- 6 || total
-------------------------+-------+-------++-------
Melee: Unarmed           |    13 |       ||    13
       Club              |    38 |    31 ||    69
       Dagger            |       |    73 ||    73
 Cast: Magic Dart        |    52 |    96 ||   148
  Use: Scroll            |       |     5 ||     5
 Stab: Sleeping          |     1 |     1 ||     2
  Eat: Chunk             |     1 |    11 ||    12
